 Dungeon Crawl Stone Soup version 0.19-a0 (webtiles) character file.

611 nubinia the Magician (level 7, -1/48 HPs)
             Began as a Human Wizard on Apr 27, 2016.
             Was an Initiate of Sif Muna.
             Slain by a scorpion (7 damage)
             ... on level 5 of the Dungeon.
             The game lasted 00:30:29 (6428 turns).

nubinia the Magician (Human Wizard)                 Turns: 6428, Time: 00:30:29

Health: -1/48      AC:  2    Str:  7    XL:     7   Next: 72%
Magic:  10/15      EV: 14    Int: 21    God:    Sif Muna [......]
Gold:   219        SH:  0    Dex: 11    Spells: 4 memorised, 7 levels left

rFire  . . .     SeeInvis .     D - +2 falchion (holy)
rCold  . . .     Gourm    .     a - +0 robe
rNeg   . . .     Faith    .     (no shield)
rPois  .         Spirit   .     b - +0 hat
rElec  .         Dismiss  .     (no cloak)
rCorr  .         Reflect  .     (no gloves)
SustAt .         Harm     .     (no boots)
MR     .....                    (no amulet)
Stlth  ++........               (no ring)
                                B - +1 ring of evasion

@: lethally poisoned (-1 -> -7), very slightly contaminated, repel missiles, not
resistant to hostile enchantments, unstealthy
A: no striking features
a: Renounce Religion


You were on level 5 of the Dungeon.
You worshipped Sif Muna.
Sif Muna was noncommittal.
You were not hungry.

You visited 1 branch of the dungeon, and saw 6 of its levels.

You collected 315 gold pieces.
You spent 96 gold pieces at shops.

Inventory:

Hand Weapons
 f - a +0 club
 h - a +0 dagger
 p - a +0 short sword of freezing
 u - a +1 mace of holy wrath
 D - a +2 falchion of holy wrath (weapon)
Armour
 a - a +0 robe (worn)
 b - a +0 hat (worn)
Jewellery
 B - a +1 ring of evasion (left hand)
Wands
 y - a wand of flame (16/48)
Scrolls
 g - 4 scrolls of identify
 i - 2 scrolls of remove curse
 m - a scroll of fog {unknown}
 q - 2 scrolls of fear {unknown}
 t - a scroll of recharging {unknown}
Potions
 j - 2 potions of cure mutation
 k - 2 potions of haste
 l - a potion of flight
 n - a potion of might
 r - a potion of cancellation {unknown}
 s - a potion of ambrosia {unknown}
 v - a potion of agility
 w - a potion of resistance
 x - a potion of brilliance
 C - a potion of heal wounds
Books
 c - a book of Minor Magic

   Spells                             Type                      Level
   a - Magic Dart                     Conjuration                  1
   b - Blink                          Translocation                2
   c - Call Imp                       Summoning                    2
   d - Repel Missiles                 Charms/Air                   2
   e - Slow                           Hexes                        2
   f - Conjure Flame                  Conjuration/Fire             3
   g - Mephitic Cloud                 Conjuration/Poison/Air       3
Comestibles
 d - 3 bread rations
 o - a royal jelly
 z - 5 fruits
 A - a meat ration


   Skills:
 + Level 1.0 Fighting
 + Level 1.0 Short Blades
 + Level 0.2 Maces & Flails
 + Level 3.1 Dodging
 + Level 3.1 Stealth
 * Level 5.4 Spellcasting
 * Level 4.3 Conjurations
   Level 1.0 Summonings
   Level 1.0 Translocations
 + Level 0.8 Air Magic


You had 7 spell levels left.
You knew the following spells:

 Your Spells              Type           Power        Failure   Level  Hunger
a - Magic Dart            Conj           ###.         1%          1    None
b - Mephitic Cloud        Conj/Pois/Air  ##......     17%         3    ##.....
c - Conjure Flame         Conj/Fire      ##......     14%         3    ##.....
r - Repel Missiles        Chrm/Air       #.....       14%         2    None


Dungeon Overview and Level Annotations

Branches:
Dungeon (6/15)             Temple (0/1) D:4

Altars:
Fedhas
Makhleb
Okawaru
Sif Muna
Vehumet

Shops:
D:5 =!

Annotations:
D:3 Sigmund; Zhenya25pyc's ghost, amateur GrFi
D:5 ekripel's ghost, novice MiFi
D:6 exclusion: ice beast


Message History

You hit the scorpion.
The scorpion is almost dead.
The scorpion stings you!
* * * LOW HITPOINT WARNING * * *
You are poisoned.
The scorpion poisons you! The scorpion stings you.
* * * LOW HITPOINT WARNING * * *
Unknown command.
Unknown command.
Unknown command.
Casting: Mephitic Cloud
Confirm with . or Enter, or press ? or * to list all spells.
Aiming: Magic Dart
Press: ? - help, Shift-Dir - straight line, f/p - scorpion
Aim: a scorpion (almost dead)
The magic dart hits the scorpion.
The scorpion is almost dead.
* * * LOW HITPOINT WARNING * * *
You feel sick. The scorpion stings you!
You die...

### ##. #.. ... #.[ ..#
#.###.## #..#...#..
#...._)o.o #..#
#################.##
#......<.......@s..#
#.###############.......
#.# #...#### #.# #####
##.######## W..........
#<..#####.# ..........#
#...####..#


You could see a scorpion.

Vanquished Creatures
  An ice beast (D:5)
  Blork the orc (D:4)
  A scorpion (D:4)
  A jelly (D:5)
  A giant frog zombie (D:5)
  A hound (D:4)
  An iguana (D:4)
  Natasha (thrice) (D:2)
  A hound skeleton (D:5)
  A gnoll (D:3)
  A howler monkey skeleton (D:4)
  5 adders
  A worm (D:3)
  A dart slug (D:2)
  2 giant geckos
  13 orcs
  3 bats
  7 giant cockroaches
  12 goblins
  14 hobgoblins
  15 jackals
  13 kobolds
  A quokka (D:2)
  4 ball pythons
  8 giant newts
  A jackal skeleton (D:4)
  9 rats
122 creatures vanquished.

Notes
Turn   | Place    | Note
--------------------------------------------------------------
     0 | D:1      | nubinia the Human Wizard began the quest for the Orb.
     0 | D:1      | Reached XP level 1. HP: 13/13 MP: 4/4
   223 | D:1      | Reached XP level 2. HP: 7/19 MP: 0/6
   421 | D:1      | Learned a level 2 spell: Repel Missiles
  1087 | D:1      | Reached XP level 3. HP: 24/24 MP: 5/7
  1622 | D:2      | Noticed Natasha
  1650 | D:1      | Learned a level 3 spell: Mephitic Cloud
  1654 | D:1      | Learned a level 3 spell: Conjure Flame
  1944 | D:2      | Killed Natasha
  1944 | D:2      | Reached XP level 4. HP: 19/30 MP: 3/9
  2023 | D:2      | Noticed Natasha
  2033 | D:2      | Killed Natasha
  2033 | D:2      | Reached skill level 4 in Spellcasting
  2114 | D:2      | Noticed Natasha
  2122 | D:2      | Killed Natasha
  2122 | D:2      | Reached XP level 5. HP: 28/35 MP: 6/11
  2458 | D:3      | Noticed Zhenya25pyc's ghost (amateur GrFi)
  2548 | D:3      | Noticed Sigmund
  3030 | D:3      | Found a deep blue altar of Sif Muna.
  3036 | D:3      | Became a worshipper of Sif Muna the Loreminder
  3764 | D:3      | Reached XP level 6. HP: 41/41 MP: 10/12
  3925 | D:3      | Found an iron altar of Okawaru.
  4706 | D:4      | Found a staircase to the Ecumenical Temple.
  4807 | D:4      | Noticed Blork the orc
  4826 | D:4      | Killed Blork the orc
  4873 | D:4      | Found a blossoming altar of Fedhas.
  4998 | D:4      | Found a burning altar of Makhleb.
  5213 | D:4      | Reached skill level 5 in Spellcasting
  5213 | D:4      | Reached XP level 7. HP: 16/47 MP: 10/14
  5437 | D:4      | Found a deep blue altar of Sif Muna.
  5594 | D:5      | Entered Level 5 of the Dungeon
  5691 | D:5      | Found Gaujaut's Jewellery Boutique.
  5695 | D:5      | Bought a +1 ring of evasion for 36 gold pieces
  5702 | D:5      | Found Adaucwof's Distillery.
  5706 | D:5      | Bought a potion of heal wounds for 60 gold pieces
  5834 | D:5      | Reached skill level 1 in Fighting
  5834 | D:5      | Reached skill level 1 in Short Blades
  5933 | D:5      | Found a radiant altar of Vehumet.
  5974 | D:5      | Noticed ekripel's ghost (novice MiFi)
  6428 | D:5      | Slain by a scorpion

Vault maps used:
D:1:      mushboom_english_gardens
D:2:      hangedman_abyss_or_decor_lesser_grid, serial_bayou_pond_a,
          uniq_natasha
D:3:      wad_river_or_something, old_standard_altar, led_sif_pool, uniq_sigmund
D:4:      kennysheep_little_box, nicolae_overflow_crystal_walls,
          overflow_temple_1_default, temple_fountains, first_bread,
          uniq_blork_the_orc
D:5:      vehumet_crystals, serial_shops, nicolae_shop_behind_doors, shop, shop,
          shop, shop, st_stairs_7, feat_on_display
D:6:      overflow_temple_1_default, okawaru_altar_gauntlet_db

Skill      XL: |  1  2  3  4  5  6  7 |
---------------+----------------------+-----
Spellcasting   | 4 5 |  5.4
Conjurations   | 2 3 4 |  4.3
Dodging        | 3 |  3.1
Stealth        | 3 |  3.1
Fighting       | 1 |  1.0
Short Blades   | 1 |  1.0
Maces & Flails | |  0.2
Summonings     | |  1.0
Translocations | |  1.0
Air Magic      | |  0.8

Action                   |  1- 3 |  4- 6 |  7- 9 || total
-------------------------+-------+-------+-------++-------
Melee: Club              |     9 |       |       ||     9
       Dagger            |    26 |       |       ||    26
       Short sword       |     8 |    79 |     3 ||    90
       Mace              |       |     6 |     2 ||     8
       Falchion          |       |       |    11 ||    11
 Cast: Magic Dart        |    83 |   137 |    60 ||   280
       Repel Missiles    |     1 |       |       ||     1
       Mephitic Cloud    |       |     1 |     2 ||     3
       Conjure Flame     |       |       |     1 ||     1
  Use: Scroll            |     1 |     1 |     1 ||     3
       Potion            |       |     2 |     4 ||     6
 Stab: Sleeping          |       |     4 |       ||     4
       Confused          |       |     2 |     1 ||     3
  Eat: Chunk             |     3 |    10 |     4 ||    17
Armor: Robe              |     4 |    10 |     1 ||    15
Dodge: Dodged            |    19 |    53 |    13 ||    85
